PCL
SANTA MONICA BRUINS @ SPOKANE TRAPPERS
05/08/2023
 
TOP OF THE 1ST
Santa Monica Bruins batting - Pitching for Spokane Trappers : LHP Adrián León
Pitching: LHP Adrián León
Batting: RHB Pablo Peña 0-0: Swinging Strike
0-1: Called Strike
0-2: Foul Ball, location: 2F
0-2: Ball
1-2: SOLO HOME RUN (Flyball, 7LD), Distance : 356 ft
Batting: RHB Beco Lombo 0-0: Foul Ball, location: 2F
0-1: Swinging Strike
0-2: Ball
1-2: Foul Ball, location: 2F
1-2: Ball
2-2: Foul Ball, location: 2F
2-2: Ball
3-2: SOLO HOME RUN (Flyball, 89XD), Distance : 410 ft
Batting: RHB Motoshige Yagi 0-0: Called Strike
0-1: SINGLE (Groundball, 56D)
Batting: RHB Mario Martínez 0-0: Swinging Strike
0-1: Foul Ball, location: 2F
0-2: Ball
1-2: Ball
2-2: Foul Ball, location: 2F
2-2: Strikes out swinging
Batting: RHB Mark Hosley 0-0: Ball
1-0: Fielders Choice at 2nd, 5-4 (Groundball, 5)
Batting: LHB Matsusuke Yamasaki 0-0: Called Strike
0-1: Ball
1-1: Called Strike
1-2: Ball
2-2: Ball
3-2: Base on Balls
Mark Hosley to second
Batting: LHB Patrick Osborne 0-0: Called Strike
0-1: Foul Ball, location: 2F
0-2: Ball
1-2: Strikes out looking
Top of the 1st over - 2 run(s), 3 hit(s), 0 error(s), 2 left on base; Santa Monica 2 - Spokane 0
BOTTOM OF THE 1ST
Spokane Trappers batting - Pitching for Santa Monica Bruins : LHP Cobus Human
Pitching: LHP Cobus Human
Batting: RHB Pedro Guzmán 0-0: Ball
1-0: Ball
2-0: Swinging Strike
2-1: Swinging Strike
2-2: SINGLE (Groundball, 4D)
Batting: RHB Félix Tremblay 0-0: Ball
1-0: SINGLE (Line Drive, 8RS)
Pedro Guzmán to second
Batting: SHB Esteban Silva 0-0: Ball
1-0: Foul Ball, location: 2F
1-1: Swinging Strike
1-2: Ball
2-2: Foul Ball, location: 2F
2-2: Foul Ball, location: 2F
2-2: Fly out, F9 (Flyball, 89S)
Batting: RHB Hyo-sang Yu 0-0: Ball
1-0: Ball
2-0: Called Strike
Throwing error on steal attempt, E2
Pedro Guzmán scores
Félix Tremblay to third
2-1: Ground out 6-3 (Groundball, 6M)
Félix Tremblay scores
Batting: RHB Toru Nakanishi 0-0: Ball
1-0: Ground out 5-3 (Groundball, 5)
Bottom of the 1st over - 2 run(s), 2 hit(s), 1 error(s), 0 left on base; Santa Monica 2 - Spokane 2
TOP OF THE 2ND
Santa Monica Bruins batting - Pitching for Spokane Trappers : LHP Adrián León
Batting: RHB Armando Méndez 0-0: Called Strike
0-1: Ball
1-1: Ball
2-1: Ball
3-1: Foul Ball, location: 2F
3-2: Base on Balls
Batting: RHB Kuniaki Kawashima 0-0: Foul Ball, location: 2F
0-1: SINGLE (Groundball, 6)
Armando Méndez to second
Batting: RHB Pablo Peña 0-0: Called Strike
0-1: Ball
1-1: Fly out, F6 (Popup, 6D)
Batting: RHB Beco Lombo 0-0: Called Strike
0-1: Ball
1-1: Called Strike
1-2: DOUBLE (Flyball, 89D)
Armando Méndez scores
Kuniaki Kawashima to third
Batting: RHB Motoshige Yagi 0-0: Called Strike
0-1: Ball
1-1: Foul Ball, location: 2F
1-2: Strikes out looking
Batting: RHB Mario Martínez 0-0: Called Strike
0-1: Ball
1-1: Ball
2-1: Called Strike
2-2: Ball
3-2: Strikes out swinging
Top of the 2nd over - 1 run(s), 2 hit(s), 0 error(s), 2 left on base; Santa Monica 3 - Spokane 2
BOTTOM OF THE 2ND
Spokane Trappers batting - Pitching for Santa Monica Bruins : LHP Cobus Human
Batting: RHB Guy Miller 0-0: Called Strike
0-1: Called Strike
0-2: Ground out 4-3 (Groundball, 4)
Batting: RHB Clyde Kelley 0-0: Ball
1-0: SINGLE (Groundball, 6M)
Batting: LHB Fernando Pérez 0-0: Ball
1-0: Foul Ball, location: 2F
1-1: Called Strike
1-2: Ball
2-2: Ball
3-2: Fly out, F7 (Line Drive, 78M)
Batting: RHB Dani Rodríguez 0-0: Ball
1-0: Called Strike
Clyde Kelley is caught stealing 2nd base
Bottom of the 2nd over - 0 run(s), 1 hit(s), 0 error(s), 0 left on base; Santa Monica 3 - Spokane 2
TOP OF THE 3RD
Santa Monica Bruins batting - Pitching for Spokane Trappers : LHP Adrián León
Batting: RHB Mark Hosley 0-0: Called Strike
0-1: DOUBLE (Line Drive, 7LM)
Batting: LHB Matsusuke Yamasaki 0-0: Ground out 4-3 (Groundball, 4)
Mark Hosley to third
Batting: LHB Patrick Osborne 0-0: Ball
1-0: Ball
2-0: Called Strike
2-1: Ground out 5-3 (Groundball, 56S)
Mark Hosley scores
Batting: RHB Armando Méndez 0-0: Ball
1-0: Foul Ball, location: 2F
1-1: Called Strike
1-2: Ground out 6-3 (Groundball, 6)
Top of the 3rd over - 1 run(s), 1 hit(s), 0 error(s), 0 left on base; Santa Monica 4 - Spokane 2
BOTTOM OF THE 3RD
Spokane Trappers batting - Pitching for Santa Monica Bruins : LHP Cobus Human
Batting: RHB Dani Rodríguez 0-0: Ball
1-0: Foul Ball, location: 2F
1-1: Swinging Strike
1-2: SINGLE (Line Drive, 56)
Batting: RHB Pedro Guzmán 0-0: Ball
1-0: Ball
2-0: Foul Ball, location: 2F
2-1: Ball
3-1: SINGLE (Groundball, 6MD)
Dani Rodríguez to second
Batting: RHB Félix Tremblay 0-0: Called Strike
0-1: Fly out, F5 (Line Drive, 5)
Batting: SHB Esteban Silva 0-0: Ball
1-0: Foul Ball, location: 2F
1-1: Grounds into double play, 6-4-3 (Groundball, 6)
Bottom of the 3rd over - 0 run(s), 2 hit(s), 0 error(s), 1 left on base; Santa Monica 4 - Spokane 2
TOP OF THE 4TH
Santa Monica Bruins batting - Pitching for Spokane Trappers : LHP Adrián León
Batting: RHB Kuniaki Kawashima 0-0: Ball
1-0: Called Strike
1-1: Ball
2-1: SINGLE (Groundball, 56D)
Batting: RHB Pablo Peña 0-0: Called Strike
0-1: Ball
Kuniaki Kawashima steals 2nd base
1-1: Ball
2-1: Called Strike
2-2: Foul Ball, location: 2F
2-2: Foul Ball, location: 2F
2-2: 2-RUN HOME RUN (Flyball, 7LD), Distance : 373 ft
Batting: RHB Beco Lombo 0-0: Ball
1-0: Foul Ball, location: 2F
1-1: Ball
2-1: Ground out 6-3 (Groundball, 6)
Batting: RHB Motoshige Yagi 0-0: Foul Ball, location: 2F
0-1: Fly out, F9 (Flyball, 9LM)
Batting: RHB Mario Martínez 0-0: Ball
1-0: Called Strike
1-1: Ball
2-1: Called Strike
2-2: Ground out 6-3 (Groundball, 6M)
Top of the 4th over - 2 run(s), 2 hit(s), 0 error(s), 0 left on base; Santa Monica 6 - Spokane 2
BOTTOM OF THE 4TH
Spokane Trappers batting - Pitching for Santa Monica Bruins : LHP Cobus Human
Batting: RHB Hyo-sang Yu 0-0: Called Strike
0-1: Ball
1-1: Foul Ball, location: 2F
1-2: Strikes out looking
Batting: RHB Toru Nakanishi 0-0: Called Strike
0-1: Ball
1-1: Called Strike
1-2: Ball
2-2: Strikes out looking
Batting: RHB Guy Miller 0-0: Called Strike
0-1: Fly out, F7 (Flyball, 7M)
Bottom of the 4th over - 0 run(s), 0 hit(s), 0 error(s), 0 left on base; Santa Monica 6 - Spokane 2
TOP OF THE 5TH
Santa Monica Bruins batting - Pitching for Spokane Trappers : LHP Adrián León
Pitching: RHP Jake Jones
Batting: RHB Mark Hosley 0-0: Called Strike
0-1: Foul Ball, location: 2F
0-2: Ball
1-2: Ball
2-2: Foul Ball, location: 2F
2-2: Strikes out swinging
Batting: LHB Matsusuke Yamasaki 0-0: Called Strike
0-1: Swinging Strike
0-2: Strikes out swinging
Batting: LHB Patrick Osborne 0-0: Ball
1-0: Called Strike
1-1: Foul Ball, location: 2F
1-2: Strikes out looking
Top of the 5th over - 0 run(s), 0 hit(s), 0 error(s), 0 left on base; Santa Monica 6 - Spokane 2
BOTTOM OF THE 5TH
Spokane Trappers batting - Pitching for Santa Monica Bruins : LHP Cobus Human
Batting: RHB Clyde Kelley 0-0: Ball
1-0: Called Strike
1-1: Called Strike
1-2: SINGLE (Line Drive, 89S)
Batting: LHB Fernando Pérez 0-0: Ball
1-0: SINGLE (Line Drive, 4MD)
Clyde Kelley to second
Batting: RHB Dani Rodríguez 0-0: Called Strike
0-1: Ground out 3-1 (Groundball, 34)
Clyde Kelley to third
Fernando Pérez to second
Batting: RHB Pedro Guzmán 0-0: Ball
1-0: Ball
2-0: Ball
3-0: Fly out, F7 (Flyball, 78XD)
Runner from 3rd tags up, SCORES, no throw
Fernando Pérez to third
Batting: RHB Félix Tremblay 0-0: Called Strike
0-1: Called Strike
0-2: Ball
1-2: Strikes out swinging
Bottom of the 5th over - 1 run(s), 2 hit(s), 0 error(s), 1 left on base; Santa Monica 6 - Spokane 3
TOP OF THE 6TH
Santa Monica Bruins batting - Pitching for Spokane Trappers : RHP Jake Jones
Batting: RHB Armando Méndez 0-0: Called Strike
0-1: Foul Ball, location: 2F
0-2: Fly out, F4 (Popup, 6MD)
Batting: RHB Kuniaki Kawashima 0-0: Foul Ball, location: 2F
0-1: Ball
1-1: Foul Ball, location: 2F
1-2: Strikes out swinging
Batting: RHB Pablo Peña 0-0: Ball
1-0: Foul Ball, location: 2F
1-1: Foul Ball, location: 2F
1-2: Foul Ball, location: 2F
1-2: Ball
2-2: Ball
3-2: Base on Balls
Batting: RHB Beco Lombo 0-0: Called Strike
0-1: Fly out, F8 (Flyball, 8RD)
Top of the 6th over - 0 run(s), 0 hit(s), 0 error(s), 1 left on base; Santa Monica 6 - Spokane 3
BOTTOM OF THE 6TH
Spokane Trappers batting - Pitching for Santa Monica Bruins : LHP Cobus Human
Batting: SHB Esteban Silva 0-0: Ball
1-0: Foul Ball, location: 2F
1-1: Swinging Strike
1-2: Ground out 2-3 (Groundball, 23)
Batting: RHB Hyo-sang Yu 0-0: Swinging Strike
0-1: Ball
1-1: Called Strike
1-2: SINGLE (Line Drive, 5D)
Batting: RHB Toru Nakanishi 0-0: Called Strike
0-1: Called Strike
0-2: Strikes out swinging
Batting: RHB Guy Miller 0-0: Ball
1-0: Swinging Strike
1-1: Ball
2-1: Foul Ball, location: 2F
2-2: SINGLE (Groundball, 56)
Hyo-sang Yu to second
Batting: RHB Clyde Kelley 0-0: Ball
1-0: Ball
2-0: Called Strike
2-1: Called Strike
2-2: Strikes out swinging
Bottom of the 6th over - 0 run(s), 2 hit(s), 0 error(s), 2 left on base; Santa Monica 6 - Spokane 3
TOP OF THE 7TH
Santa Monica Bruins batting - Pitching for Spokane Trappers : RHP Jake Jones
Pitching: RHP Ching-wei Zi
Batting: RHB Motoshige Yagi 0-0: Ball
1-0: Ball
2-0: Foul Ball, location: 2F
2-1: SINGLE (Flyball, 8LS)
Batting: RHB Mario Martínez 0-0: Called Strike
0-1: Foul Ball, location: 2F
0-2: Strikes out swinging
Batting: RHB Mark Hosley 0-0: Ball
Motoshige Yagi steals 2nd base
1-0: Called Strike
1-1: Ball
2-1: Foul Ball, location: 2F
2-2: Fly out, F7 (Flyball, 7M)
Batting: LHB Matsusuke Yamasaki 0-0: Ground out 6-3 (Groundball, 6)
Top of the 7th over - 0 run(s), 1 hit(s), 0 error(s), 1 left on base; Santa Monica 6 - Spokane 3
BOTTOM OF THE 7TH
Spokane Trappers batting - Pitching for Santa Monica Bruins : LHP Cobus Human
Batting: LHB Fernando Pérez 0-0: Foul Ball, location: 2F
0-1: Ball
1-1: SINGLE (Groundball, 34D)
Batting: RHB Dani Rodríguez 0-0: Called Strike
0-1: Fly out, F8 (Flyball, 8LM)
Pitching: RHP Santiago González
Batting: RHB Pedro Guzmán 0-0: SINGLE (Line Drive, 6D)
Fernando Pérez to second
Batting: RHB Félix Tremblay 0-0: Called Strike
0-1: Swinging Strike
0-2: Ball
1-2: Ball
2-2: Foul Ball, location: 2F
2-2: Ball
3-2: Strikes out swinging
Batting: SHB Esteban Silva 0-0: Ball
1-0: Called Strike
1-1: Ball
2-1: DOUBLE (Line Drive, 9LS)
Fernando Pérez scores
Pedro Guzmán to third
Runner from 3rd tries for Home, throw and OUT!
Bottom of the 7th over - 1 run(s), 3 hit(s), 0 error(s), 1 left on base; Santa Monica 6 - Spokane 4
TOP OF THE 8TH
Santa Monica Bruins batting - Pitching for Spokane Trappers : RHP Ching-wei Zi
Batting: LHB Patrick Osborne 0-0: Ball
1-0: Swinging Strike
1-1: Foul Ball, location: 2F
1-2: Ball
2-2: Ground out 5-3 (Groundball, 5L)
Batting: RHB Armando Méndez 0-0: Ball
1-0: Ball
2-0: Ball
3-0: Base on Balls
Batting: RHB Kuniaki Kawashima 0-0: Grounds into double play, 5-4-3 (Groundball, 5)
Top of the 8th over - 0 run(s), 0 hit(s), 0 error(s), 0 left on base; Santa Monica 6 - Spokane 4
BOTTOM OF THE 8TH
Spokane Trappers batting - Pitching for Santa Monica Bruins : RHP Santiago González
Batting: RHB Hyo-sang Yu 0-0: Ball
1-0: Ball
2-0: Ball
3-0: Fly out, F8 (Flyball, 8LD)
Batting: RHB Toru Nakanishi 0-0: Called Strike
0-1: SINGLE (Line Drive, 6D)
Pitching: RHP Estefan Jiménez
Batting: RHB Guy Miller 0-0: Called Strike
0-1: DOUBLE (Line Drive, 8LM)
Toru Nakanishi to third
Runner from 3rd tries for Home, SAFE, throw made home
Pinch Hitting: LHB Juan Cortés 0-0: Ball
1-0: Ball
2-0: Fly out, F2 (Popup, 2RF)
Pitching: LHP Fernando Reyes
Pinch Hitting: RHB John Craig 0-0: Ball
1-0: Ground out 1-3 (Groundball, 13)
Bottom of the 8th over - 1 run(s), 2 hit(s), 0 error(s), 1 left on base; Santa Monica 6 - Spokane 5
TOP OF THE 9TH
Santa Monica Bruins batting - Pitching for Spokane Trappers : RHP Ching-wei Zi
Now at 2B: John Craig
Now in RF: Juan Cortés
Batting: RHB Pablo Peña 0-0: Swinging Strike
0-1: Ball
1-1: Ball
2-1: Ball
3-1: Foul Ball, location: 2F
3-2: Foul Ball, location: 2F
3-2: Base on Balls
Batting: RHB Beco Lombo 0-0: Sac Bunt - play at first, batter OUT! 2-4
Pablo Peña to second
Pinch Hitting: LHB Cade Delaney 0-0: Intentional Walk
Pitching: RHP Dave Richardson
Pinch Hitting: LHB Germán Charfauros 0-0: Foul Ball, location: 2F
0-1: Ball
1-1: Ball
2-1: SINGLE (Line Drive, 9S)
Pablo Peña to third
Cade Delaney to second
Runner from 3rd tries for Home, SAFE, throw made home
Cade Delaney to third
Germán Charfauros to second
Pinch Hitting: LHB Ken Poche 0-0: Ball
1-0: Fly out, F8 (Flyball, 8RM)
Runner from 3rd tags up, SCORES, throw made
Batting: LHB Matsusuke Yamasaki 0-0: Ball
1-0: Called Strike
1-1: Ball
2-1: 2-RUN HOME RUN (Flyball, 9D), Distance : 360 ft
Batting: LHB Patrick Osborne 0-0: Foul Ball, location: 2F
0-1: Called Strike
0-2: Fly out, F7 (Flyball, 7D)
Top of the 9th over - 4 run(s), 2 hit(s), 0 error(s), 0 left on base; Santa Monica 10 - Spokane 5
BOTTOM OF THE 9TH
Spokane Trappers batting - Pitching for Santa Monica Bruins : LHP Fernando Reyes
Now at 1B: Bill Savage
Now at 2B: Fernando De La Cruz
Now in LF: Germán Charfauros
Now in CF: Cade Delaney
Batting: RHB Dani Rodríguez 0-0: Ground out 1-3 (Groundball, 13S)
Batting: RHB Pedro Guzmán 0-0: Ball
1-0: Swinging Strike
1-1: Foul Ball, location: 2F
1-2: Strikes out swinging
Batting: RHB Félix Tremblay 0-0: Called Strike
0-1: Fly out, F8 (Flyball, 8LS)
Bottom of the 9th over - 0 run(s), 0 hit(s), 0 error(s), 0 left on base; Santa Monica 10 - Spokane 5
This league is powered by Out of the Park Baseball, the baseball management simulation game for PC, Mac and Linux
Wednesday, December 2nd, 2015 - OOTP Baseball 16.8 Build 38